 Dungeon Crawl Stone Soup version 0.22.1-5-g62c59d919a (webtiles) character file.

72 Forgol the Chucker (level 4, 0/44 HPs)
             Began as an Ogre Hunter on Jan 14, 2019.
             Succumbed to an adder's poison
             ... on level 2 of the Dungeon.
             The game lasted 00:04:38 (2017 turns).

Forgol the Chucker (Ogre Hunter)                    Turns: 2017, Time: 00:04:38

Health: 0/44       AC:  3    Str: 17    XL:     4   Next: 25%
Magic:  4/4        EV: 10    Int: 12    God:
Gold:   61         SH:  0    Dex:  9    Spells: 3/3 levels left

rFire    . . .     SeeInvis .   a - +0 short sword
rCold    . . .     Gourm    .   (no shield)
rNeg     . . .     Faith    .   b - +0 robe
rPois    .         Spirit   .   (helmet restricted)
rElec    .         Reflect  .   (no cloak)
rCorr    .         Harm     .   (gloves unavailable)
MR       .....                  (boots unavailable)
Stlth    +.........             (no amulet)
HPRegen  0.14/turn              (no ring)
MPRegen  0.09/turn              (no ring)

@: lethally poisoned (0 -> -5)
A: large, unfitting armour, tough skin 1
a: no special abilities


You were on level 2 of the Dungeon.
You were not hungry.

You visited 1 branch of the dungeon, and saw 2 of its levels.

You collected 61 gold pieces.

Inventory:

Hand Weapons
 a - a +0 short sword (weapon)
Missiles
 c - 4 large rocks (quivered)
 d - 2 throwing nets
Armour
 b - a +0 robe (worn)
Jewellery
 p - an uncursed ring of flight {unknown}
Scrolls
 e - a scroll of magic mapping {unknown}
 i - 2 scrolls of enchant armour {unknown}
 j - a scroll of remove curse {unknown}
 k - 3 scrolls of identify {unknown}
 m - a scroll of teleportation {unknown}
Potions
 g - a potion of magic {unknown}
 h - a potion of agility {unknown}
 l - a potion of resistance {unknown}
 o - a potion of curing {unknown}
 q - a potion of degeneration {unknown}
Comestibles
 f - 4 rations
 n - 5 chunks of flesh


   Skills:
 - Level 2.6 Fighting
 + Level 5.6 Throwing
 - Level 1.7 Dodging
 - Level 0.6 Stealth


You had 3 spell levels left.
You didn't know any spells.
Your spell library was empty.

Dungeon Overview and Level Annotations

Branches:
Dungeon (2/15)

Altars:


Innate Abilities, Weirdness & Mutations

You are too large for most types of armour.
You have tough skin. (AC +1)


Message History

The adder bites you. The hobgoblin hits you with a club. The adder bites you.
You are poisoned.
The adder poisons you!
You hit the hobgoblin.
The hobgoblin is almost dead.
You feel sick. The hobgoblin hits you with a club.
* * * LOW HITPOINT WARNING * * *
The adder bites you.
* * * LOW HITPOINT WARNING * * *
You are lethally poisoned!
The adder poisons you!
* * * LOW HITPOINT WARNING * * *
You feel sick. The hobgoblin barely misses you. The adder bites you.
* * * LOW HITPOINT WARNING * * *
* * * LOW HITPOINT WARNING * * *
You feel sick.
* * * LOW HITPOINT WARNING * * *
You feel sick.
You die...

####+#..###+###.#
####.##..### #.#....+
##.## ###(..).#..#
#.#..###+# #..#
#...###.#### #....# #.#
#..###.###<..#
####...###.###......#
#####
#..............##.#####
#.....#.#.#.#.###.#...#
#....>#.#.#...###.#.#.###
#.....#.#.#....@#...#...#
#.....#.#..####.#######.#
#.....#.##. #S#.......#
#.....#....# #S#.....###
#####....### #.#!......#
#g#.......# #g.........#
##.....#...# #....###..#


You could see 2 adders, a hobgoblin and a goblin.

Vanquished Creatures
  An adder (D:2)
  An ooze (D:1)
  A worm (D:2)
  A dart slug (D:2)
  A leopard gecko (D:2)
  14 giant cockroaches
  3 goblins (D:1)
  2 hobgoblins (D:1)
  4 jackals (D:1)
  4 kobolds
  A quokka (D:2)
  2 ball pythons
  2 bats
  3 frilled lizards
  8 rats
48 creatures vanquished.

Notes
Turn   | Place    | Note
-------+----------+-------------------------------------------
     0 | D:1      | Forgol the Ogre Hunter began the quest for the Orb.
     0 | D:1      | Reached XP level 1. HP: 22/22 MP: 1/1
   471 | D:1      | Reached XP level 2. HP: 23/29 MP: 2/2
   879 | D:1      | Reached skill level 5 in Throwing
   879 | D:1      | Reached XP level 3. HP: 31/36 MP: 3/3
  1893 | D:2      | Reached XP level 4. HP: 40/44 MP: 4/4
  2013 | D:2      | HP: 2/44 [adder (3)]
  2017 | D:2      | Succumbed to an adder's poison

Skill      XL: |  1  2 |
---------------+-------+-----
Throwing       | 5 |  5.6
Fighting       | |  2.6
Dodging        | |  1.7
Stealth        | |  0.6

Action                   |  1- 3 |  4- 6 || total
-------------------------+-------+-------++-------
Melee: Short sword       |   168 |    27 ||   195
Throw: Large rock        |     4 |     4 ||     8
 Stab: Sleeping          |     1 |       ||     1
  Eat: Chunk             |     3 |     1 ||     4
Armor: Robe              |    38 |    16 ||    54
Dodge: Dodged            |   113 |    22 ||   135
